Toronto St Pats vs Philadelphia Phantoms
Created - Tuesday, October 22, 2024 at 10:27
Goals
|
| Toronto St Pats |
2 |
1 |
1 |
0 |
0 |
4 |
| Philadelphia Phantoms |
1 |
2 |
1 |
0 |
1 |
5 |
|
Shots
|
| Toronto St Pats |
14 |
12 |
12 |
0 |
3 |
38 |
| Philadelphia Phantoms |
11 |
12 |
4 |
1 |
3 |
28 |
|
1st period
1. Philadelphia Phantoms , Brandon Duhaime 14 (Jaret Anderson-Dolan 11, Tyler Kleven 15) at 6:07
2. Toronto St Pats , Brendan Brisson 27 (Mackie Samoskevich 24, Austin Watson 23) at 18:40 (PP)
3. Toronto St Pats , Scott Perunovich 5 (Connor Dewar 37, Travis Boyd 41) at 19:02
Penalties :
Egor Afanasyev (PHP) for Hooking (Minor) at 0:17, Nikita Okhotiuk (TSP) for Slashing (Minor) at 3:26, Ryan Tverberg (TSP) for Holding (Minor) at 9:40, Jack McBain (PHP) for Fighting (Major) at 13:11, Mackie Samoskevich (TSP) for Fighting (Major) at 13:11, Nikita Okhotiuk (TSP) for Tripping (Minor) at 13:58, Jaret Anderson-Dolan (PHP) for Slashing (Minor) at 17:43
2nd period
4. Toronto St Pats , Travis Boyd 24 (Nick Cousins 31, Nikita Okhotiuk 16) at 5:43
5. Philadelphia Phantoms , James Malatesta 19 (Nick Blankenburg 12, Pontus Holmberg 19) at 15:37
6. Philadelphia Phantoms , Jaret Anderson-Dolan 17 (Pontus Holmberg 20) at 18:34
Penalties :
Nick Cousins (TSP) for Roughing (Minor) at 1:07, Tyler Kleven (PHP) for Tripping (Minor) at 7:40, Tyler Kleven (PHP) for Fighting (Major) at 18:57, Connor Dewar (TSP) for Fighting (Major) at 18:57, Tye Kartye (PHP) for Fighting (Major) at 19:14, Austin Watson (TSP) for Fighting (Major) at 19:14, Brett Murray (PHP) for Holding (Minor) at 19:52
3rd period
7. Toronto St Pats , Brett Berard 14 (Brendan Gaunce 18, Lucas Carlsson 11) at 9:19
8. Philadelphia Phantoms , Alex Steeves 17 (William Borgen 18, Egor Afanasyev 33) at 19:54 (PP)
Penalties :
Jack McBain (PHP) for Tripping (Minor) at 4:09, Nick Cousins (TSP) for Cross-checking (Minor) at 5:16, Pontus Holmberg (PHP) for Tripping (Minor) at 11:58, Sam Malinski (TSP) for Delaying the game (Minor) at 19:04
Overtime #1
No Goal
Penalties :
No Penalty
Shootout
Toronto St Pats, Connor Dewar - Stopped by Jake Allen
Philadelphia Phantoms, Juuso Parssinen - Stopped by Adam Scheel
Toronto St Pats, Nick Cousins - Stopped by Jake Allen
Philadelphia Phantoms, Brandon Duhaime - Stopped by Adam Scheel
Toronto St Pats, Travis Boyd - Stopped by Jake Allen
Philadelphia Phantoms, Egor Afanasyev - Goal!
Penalties :
No Penalty
Goalie Stats
Adam Scheel (TSP), 24 saves from 28 shots - (0.857), OTL, 17-15-1, 65:00 minutes
Jake Allen (PHP), 34 saves from 38 shots - (0.895), W, 9-3-0, 64:26 minutes
Players Stats for Toronto St Pats
Player Name G A P +/- PIM S H SB GA TA FO MP PP MP PK MP
------------------------------------------------------------------------------------
Austin Watson 0 1 1 -1 5 5 2 0 1 0 0/1 15:20 2:50 0:29
Bogdan Trineyev 0 0 0 0 0 0 0 1 0 0 0/0 6:33 0:00 0:00
Brendan Brisson 1 0 1 -1 0 5 0 1 0 0 9/17 24:19 4:04 4:35
Brendan Gaunce 0 1 1 -1 0 1 2 0 0 0 8/16 16:26 2:35 1:21
Brett Berard 1 0 1 0 0 5 0 1 0 0 0/0 9:38 0:16 0:00
Connor Dewar 0 1 1 1 5 2 2 0 0 0 10/26 20:04 3:50 4:23
John Farinacci 0 0 0 0 0 1 1 0 0 0 3/4 9:07 0:27 1:46
Lassi Thomson 0 0 0 1 0 0 1 0 0 0 0/0 13:55 0:00 2:27
Lucas Carlsson 0 1 1 1 0 1 0 0 0 0 0/0 16:00 4:58 0:56
Mackie Samoskevich 0 1 1 -1 5 3 3 0 0 0 0/3 15:55 3:43 0:00
Matthew Maggio 0 0 0 0 0 1 1 0 1 1 0/0 7:19 0:48 0:00
Nick Cousins 0 1 1 1 4 1 3 0 1 1 1/1 20:53 4:59 3:25
Nikita Okhotiuk 0 1 1 1 4 2 1 0 0 1 0/0 20:32 0:00 2:42
Pierre-Olivier Joseph 0 0 0 1 0 3 3 4 1 2 0/0 26:47 4:58 3:58
Ryan Tverberg 0 0 0 0 2 3 1 0 1 0 0/0 12:33 1:37 0:05
Sam Malinski 0 0 0 -2 2 0 2 2 0 0 0/0 26:36 5:02 4:32
Scott Perunovich 1 0 1 -2 0 4 1 2 0 2 0/0 26:26 5:02 5:11
Travis Boyd 1 1 2 2 0 1 0 1 0 1 3/4 20:43 4:50 3:42
Players Stats for Philadelphia Phantoms
Player Name G A P +/- PIM S H SB GA TA FO MP PP MP PK MP
------------------------------------------------------------------------------------
Alex Steeves 1 0 1 -2 0 3 2 0 0 0 0/0 13:47 5:24 0:00
Brandon Duhaime 1 0 1 1 0 2 4 1 1 0 0/0 16:03 0:10 5:11
Brett Murray 0 0 0 -1 2 1 2 0 1 0 0/2 18:52 4:17 2:51
Egor Afanasyev 0 1 1 -2 2 2 0 0 0 0 8/12 17:54 5:24 1:25
Jack McBain 0 0 0 -1 7 2 2 0 0 0 12/18 19:08 3:51 3:32
James Malatesta 1 0 1 2 0 4 4 0 1 0 0/2 14:32 4:14 0:00
Jaret Anderson-Dolan 1 1 2 3 2 1 0 0 0 0 0/0 10:15 0:04 0:00
Juuso Parssinen 0 0 0 -2 0 3 1 0 2 0 4/6 19:29 5:27 2:40
Louis Crevier 0 0 0 1 0 0 1 1 0 1 0/0 13:23 0:00 0:36
Lukas Rousek 0 0 0 0 0 1 0 0 0 0 0/1 9:28 0:00 0:00
Marcus Bjork 0 0 0 -1 0 2 1 1 0 0 0/0 20:51 0:40 5:24
Nick Blankenburg 0 1 1 0 0 1 1 2 0 1 0/0 26:32 4:59 4:00
Nils Aman 0 0 0 1 0 1 0 0 0 0 4/14 14:14 0:51 0:49
Pontus Holmberg 0 2 2 2 2 2 0 0 0 0 10/17 13:41 0:00 3:35
Ryan Johnson 0 0 0 -1 0 1 0 1 1 0 0/0 25:32 4:54 5:24
Tye Kartye 0 0 0 -1 5 2 1 0 0 2 0/0 16:15 4:11 0:21
Tyler Kleven 0 1 1 1 7 0 1 2 0 0 0/0 11:41 0:00 0:36
William Borgen 0 1 1 0 0 0 2 1 2 1 0/0 27:46 4:59 4:00
3 Stars
1 - James Malatesta (PHP)
2 - Jaret Anderson-Dolan (PHP)
3 - Travis Boyd (TSP)
Power Play
Toronto St Pats - 1 on 6 Attempt(s) - 16.67%
Philadelphia Phantoms - 1 on 6 Attempt(s) - 16.67%
Penalty Kill
Toronto St Pats - 5 on 6 Attempt(s) - 83.33%
- Score 0 goal in Penalty Kill
Philadelphia Phantoms - 5 on 6 Attempt(s) - 83.33%
- Score 0 goal in Penalty Kill
Team Stat
Toronto St Pats - Hits : 23 - Faceoff Wins : 34 - Blocked Shots : 12 - Penalty Minutes : 27
Philadelphia Phantoms - Hits : 22 - Faceoff Wins : 38 - Blocked Shots : 9 - Penalty Minutes : 27
Official
Referees : Jake Brenk and Tj Luxmore
Linesman : Brad Kovachik and Kilian McNamara
Game Notes
Jack McBain and Mackie Samoskevich fight to a draw at 13:11 of 1st period
Tyler Kleven and Connor Dewar fight to a draw at 18:57 of 2nd period
Tye Kartye and Austin Watson fight to a draw at 19:14 of 2nd period
Toronto St Pats
5 vs 5 Forward
Center Left Wing Right Wing Time % Phy DF OF
1 Connor Dewar Nick Cousins Travis Boyd 30 1 2 2
2 Brendan Brisson Austin Watson Mackie Samoskevich 30 1 2 2
3 Brendan Gaunce Brett Berard Ryan Tverberg 25 1 2 2
4 John Farinacci Bogdan Trineyev Matthew Maggio 15 1 2 2
5 vs 5 Defense
Defense Defense Time % Phy DF OF
1 Nikita Okhotiuk Pierre-Olivier Joseph 30 1 2 2
2 Sam Malinski Scott Perunovich 30 1 2 2
3 Lucas Carlsson Lassi Thomson 25 1 2 2
4 Nikita Okhotiuk Pierre-Olivier Joseph 15 1 2 2
PowerPlay Forward
Center Left Wing Right Wing Time % Phy DF OF
1 Connor Dewar Nick Cousins Travis Boyd 50 1 2 2
2 Brendan Brisson Austin Watson Mackie Samoskevich 50 1 2 2
PowerPlay Defense
Defense Defense Time % Phy DF OF
1 Sam Malinski Scott Perunovich 50 1 2 2
2 Lucas Carlsson Pierre-Olivier Joseph 50 1 2 2
Penalty Kill 4 Players Forward
Center Wing Time % Phy DF OF
1 Connor Dewar Nick Cousins 50 1 2 2
2 Travis Boyd Brendan Brisson 50 1 2 2
Penalty Kill 4 Players Defense
Defense Defense Time % Phy DF OF
1 Nikita Okhotiuk Pierre-Olivier Joseph 50 1 2 2
2 Sam Malinski Scott Perunovich 50 1 2 2
Penalty Kill - 3 Players Forward
Forward Time % Phy DF OF
1 Connor Dewar 50 1 2 2
2 Nick Cousins 50 1 2 2
Penalty Kill - 3 Players Defense
Defense Defense Time % Phy DF OF
1 Nikita Okhotiuk Pierre-Olivier Joseph 50 1 2 2
2 Sam Malinski Scott Perunovich 50 1 2 2
4 vs 4 Forward
Center Wing Time % Phy DF OF
1 Connor Dewar Nick Cousins 50 1 2 2
2 Travis Boyd Brendan Brisson 50 1 2 2
4 vs 4 Defense
Defense Defense Time % Phy DF OF
1 Nikita Okhotiuk Pierre-Olivier Joseph 50 1 2 2
2 Sam Malinski Scott Perunovich 50 1 2 2
Last Minutes Offensive
Center Left Wing Right Wing Defense Defense
Connor Dewar Nick Cousins Travis Boyd Nikita Okhotiuk Pierre-Olivier Joseph
Last Minutes Defensive
Center Left Wing Right Wing Defense Defense
Connor Dewar Nick Cousins Travis Boyd Nikita Okhotiuk Pierre-Olivier Joseph
Goaltenders
Starting : Adam Scheel
Backup : Jakub Skarek
Extra Forwards
Normal : Brendan Gaunce, Ryan Tverberg, John Farinacci - PP : Brendan Gaunce, Ryan Tverberg - PK : John Farinacci
Extra Defensemen
Normal : Lucas Carlsson, Lassi Thomson, Sam Malinski - PP : Lucas Carlsson - PK : Lassi Thomson, Sam Malinski
Penalty Shots
Connor Dewar, Nick Cousins, Travis Boyd, Brendan Brisson, Austin Watson
Scratches
Cole McWard (Healthy), Nico Myatovic (Healthy), Eetu Liukas (Healthy), Ville Koivunen (Healthy), Jake Leschyshyn (Healthy)
Brett Brochu (Healthy), Will Cranley (Healthy)
Philadelphia Phantoms
5 vs 5 Forward
Center Left Wing Right Wing Time % Phy DF OF
1 Egor Afanasyev Juuso Parssinen Alex Steeves 25 0 1 4
2 Jack McBain Tye Kartye Brett Murray 25 0 2 3
3 Pontus Holmberg James Malatesta Jaret Anderson-Dolan 25 0 2 3
4 Nils Aman Brandon Duhaime Lukas Rousek 25 0 1 4
5 vs 5 Defense
Defense Defense Time % Phy DF OF
1 William Borgen Nick Blankenburg 35 0 3 2
2 Ryan Johnson Marcus Bjork 35 0 3 2
3 Tyler Kleven Louis Crevier 30 0 3 2
4 William Borgen Nick Blankenburg 0 0 3 2
PowerPlay Forward
Center Left Wing Right Wing Time % Phy DF OF
1 Egor Afanasyev Juuso Parssinen Alex Steeves 50 0 0 5
2 Jack McBain Tye Kartye Brett Murray 50 0 0 5
PowerPlay Defense
Defense Defense Time % Phy DF OF
1 William Borgen Nick Blankenburg 50 0 1 4
2 Ryan Johnson James Malatesta 50 0 1 4
Penalty Kill 4 Players Forward
Center Wing Time % Phy DF OF
1 Jack McBain Brandon Duhaime 50 0 5 0
2 Pontus Holmberg Brett Murray 50 0 5 0
Penalty Kill 4 Players Defense
Defense Defense Time % Phy DF OF
1 William Borgen Nick Blankenburg 50 0 5 0
2 Ryan Johnson Marcus Bjork 50 0 5 0
Penalty Kill - 3 Players Forward
Forward Time % Phy DF OF
1 Jack McBain 50 0 5 0
2 Brandon Duhaime 50 0 5 0
Penalty Kill - 3 Players Defense
Defense Defense Time % Phy DF OF
1 William Borgen Nick Blankenburg 50 0 5 0
2 Ryan Johnson Marcus Bjork 50 0 5 0
4 vs 4 Forward
Center Wing Time % Phy DF OF
1 Egor Afanasyev Juuso Parssinen 50 0 1 4
2 Jack McBain Tye Kartye 50 0 2 3
4 vs 4 Defense
Defense Defense Time % Phy DF OF
1 William Borgen Nick Blankenburg 50 0 3 2
2 Ryan Johnson Marcus Bjork 50 0 3 2
Last Minutes Offensive
Center Left Wing Right Wing Defense Defense
Jack McBain Juuso Parssinen James Malatesta William Borgen Nick Blankenburg
Last Minutes Defensive
Center Left Wing Right Wing Defense Defense
Jack McBain Brandon Duhaime Pontus Holmberg William Borgen Nick Blankenburg
Goaltenders
Starting : Jake Allen
Backup : Spencer Martin
Extra Forwards
Normal : Brett Murray, Nils Aman, Pontus Holmberg - PP : Brett Murray, Nils Aman - PK : Jack McBain
Extra Defensemen
Normal : Tyler Kleven, William Borgen, Marcus Bjork - PP : Tyler Kleven - PK : William Borgen, Marcus Bjork
Penalty Shots
Juuso Parssinen, Brandon Duhaime, Egor Afanasyev, Tye Kartye, Brett Murray
Scratches
Ryan Winterton (Healthy), Adam Klapka (Healthy), Filip Cederqvist (Healthy), Tyrel Bauer (Healthy), Matthew Seminoff (Healthy)
Ryan Hofer (Healthy), Josh Lopina (Healthy), Dennis Hildeby (Healthy)
% Time on Ice - Toronto St Pats
Lines # - Real PCT - Wanted PCT - Time Play
Normal Forward
1 - 27% - 30% - 10:36
2 - 33% - 30% - 13:04
3 - 23% - 25% - 8:56
4 - 17% - 15% - 6:33
Normal Defense
1 - 31% - 30% - 12:19
2 - 31% - 30% - 12:17
3 - 28% - 25% - 11:03
4 - 9% - 15% - 3:30
PP Forward
1 - 59% - 50% - 5:56
2 - 41% - 50% - 4:04
PP Defense
1 - 50% - 50% - 5:02
2 - 50% - 50% - 4:58
PK Forward
1 - 55% - 50% - 5:24
2 - 45% - 50% - 4:29
PK Defense
1 - 48% - 50% - 4:42
2 - 52% - 50% - 5:11
PK3 Forward
1 - 0% - 50%
2 - 0% - 50%
PK3 Defense
1 - 0% - 50%
2 - 0% - 50%
44 Forward
1 - 45% - 50% - 2:37
2 - 55% - 50% - 3:15
44 Defense
1 - 46% - 50% - 2:42
2 - 54% - 50% - 3:10
Last Minute Offensive - 0:00
Last Minute Defensive - 0:06
Total
Forward - 65:00
Defense - 65:00
|
% Time on Ice - Philadelphia Phantoms
Lines # - Real PCT - Wanted PCT - Time Play
Normal Forward
1 - 24% - 25% - 9:18
2 - 28% - 25% - 10:54
3 - 24% - 25% - 9:30
4 - 24% - 25% - 9:28
Normal Defense
1 - 36% - 35% - 14:09
2 - 33% - 35% - 12:52
3 - 31% - 30% - 12:09
4 - 0% - 0% - 0:00
PP Forward
1 - 56% - 50% - 5:30
2 - 44% - 50% - 4:23
PP Defense
1 - 50% - 50% - 4:59
2 - 50% - 50% - 4:54
PK Forward
1 - 38% - 50% - 3:46
2 - 62% - 50% - 6:14
PK Defense
1 - 40% - 50% - 4:00
2 - 60% - 50% - 6:00
PK3 Forward
1 - 0% - 50%
2 - 0% - 50%
PK3 Defense
1 - 0% - 50%
2 - 0% - 50%
44 Forward
1 - 51% - 50% - 3:01
2 - 49% - 50% - 2:51
44 Defense
1 - 60% - 50% - 3:30
2 - 40% - 50% - 2:22
Last Minute Offensive - 0:05
Last Minute Defensive - 0:00
Total
Forward - 65:00
Defense - 65:00
|
Play-by-Play
1st period
0:01 of 1st period - Connor Dewar wins face-off versus Egor Afanasyev in neutral zone.
0:04 of 1st period - Wrist shot by Travis Boyd.
0:04 of 1st period - Deflect By William Borgen.
0:04 of 1st period - Shot Misses the Net.
0:04 of 1st period - Puck is out of play.
0:05 of 1st period - Nick Cousins wins face-off versus Juuso Parssinen in Philadelphia Phantoms zone.
0:17 of 1st period - Minor Penalty to Egor Afanasyev for Hooking.
0:18 of 1st period - Jack McBain wins face-off versus Connor Dewar in Philadelphia Phantoms zone.
0:30 of 1st period - Nick Blankenburg is hit by Connor Dewar and loses puck.
2:17 of 1st period - Penalty to Egor Afanasyev is over, Egor Afanasyev is back on ice.
3:26 of 1st period - Minor Penalty to Nikita Okhotiuk for Slashing.
3:27 of 1st period - Egor Afanasyev wins face-off versus Connor Dewar in Toronto St Pats zone.
3:46 of 1st period - William Borgen is hit by Pierre-Olivier Joseph and loses puck.
4:10 of 1st period - Connor Dewar is hit by James Malatesta and loses puck.
5:26 of 1st period - Penalty to Nikita Okhotiuk is over, Nikita Okhotiuk is back on ice.
5:33 of 1st period - Nikita Okhotiuk is hit by Brandon Duhaime and loses puck.
5:44 of 1st period - Nils Aman is hit by Nick Cousins and loses puck.
6:07 of 1st period - Backhand shot by Brandon Duhaime.
6:07 of 1st period - Goal by Brandon Duhaime - Toronto St Pats : 0 - Philadelphia Phantoms : 1.
6:08 of 1st period - Egor Afanasyev wins face-off versus Brendan Brisson in neutral zone.
6:11 of 1st period - Nikita Okhotiuk is hit by William Borgen and loses puck.
6:16 of 1st period - Wrist shot by Juuso Parssinen.
6:16 of 1st period - Stopped by Adam Scheel with a rebound.
6:20 of 1st period - Slapshot by Juuso Parssinen.
6:20 of 1st period - Shot Misses the Net.
6:22 of 1st period - Slapshot by Juuso Parssinen.
6:22 of 1st period - Stopped by Adam Scheel with a rebound.
6:24 of 1st period - Snap shot by William Borgen.
6:24 of 1st period - Shot Misses the Net.
7:36 of 1st period - Wrist shot by Juuso Parssinen.
7:36 of 1st period - Shot Misses the Net.
8:11 of 1st period - Nils Aman is hit by Mackie Samoskevich and loses puck.
8:17 of 1st period - Off-side.
8:18 of 1st period - Pontus Holmberg wins face-off versus Brendan Brisson in neutral zone.
9:10 of 1st period - Wrist shot by Austin Watson.
9:10 of 1st period - Stopped by Jake Allen without a rebound.
9:11 of 1st period - Brendan Gaunce wins face-off versus Nils Aman in Philadelphia Phantoms zone.
9:14 of 1st period - Snap shot by Brendan Gaunce.
9:14 of 1st period - Shot Misses the Net.
9:19 of 1st period - Slapshot by Pierre-Olivier Joseph.
9:19 of 1st period - Shot Misses the Net.
9:21 of 1st period - Slapshot by Pierre-Olivier Joseph.
9:21 of 1st period - Stopped by Jake Allen with a rebound.
9:23 of 1st period - Slapshot by Nikita Okhotiuk.
9:23 of 1st period - Stopped by Jake Allen without a rebound.
9:24 of 1st period - Brendan Gaunce wins face-off versus James Malatesta in Philadelphia Phantoms zone.
9:40 of 1st period - Minor Penalty to Ryan Tverberg for Holding.
9:41 of 1st period - Jack McBain wins face-off versus Connor Dewar in Toronto St Pats zone.
9:41 of 1st period - Snap shot by Tye Kartye.
9:41 of 1st period - Stopped by Adam Scheel without a rebound.
9:42 of 1st period - Connor Dewar wins face-off versus Jack McBain in Toronto St Pats zone.
10:15 of 1st period - Nick Cousins is hit by Alex Steeves and loses puck.
11:40 of 1st period - Penalty to Ryan Tverberg is over, Ryan Tverberg is back on ice.
11:57 of 1st period - Snap shot by Brandon Duhaime.
11:57 of 1st period - Deflect By Nils Aman.
11:57 of 1st period - Shot Misses the Net.
11:57 of 1st period - Puck is out of play.
11:58 of 1st period - John Farinacci wins face-off versus Nils Aman in Toronto St Pats zone.
12:19 of 1st period - Wrist shot by James Malatesta.
12:19 of 1st period - Shot Misses the Net.
12:22 of 1st period - Icing by Brendan Gaunce.
12:23 of 1st period - Pontus Holmberg wins face-off versus Brendan Gaunce in Toronto St Pats zone.
12:36 of 1st period - Snap shot by Brett Berard.
12:36 of 1st period - Stopped by Jake Allen with a rebound.
12:38 of 1st period - Slapshot by Lucas Carlsson.
12:38 of 1st period - Stopped by Jake Allen with a rebound.
12:40 of 1st period - Snap shot by Ryan Tverberg.
12:40 of 1st period - Stopped by Jake Allen with a rebound.
12:42 of 1st period - Wrist shot by Ryan Tverberg.
12:42 of 1st period - Stopped by Jake Allen without a rebound.
12:43 of 1st period - Brendan Brisson wins face-off versus Lukas Rousek in Philadelphia Phantoms zone.
12:54 of 1st period - Snap shot by Brandon Duhaime.
12:54 of 1st period - Stopped by Adam Scheel without a rebound.
12:55 of 1st period - Jack McBain wins face-off versus Brendan Brisson in Toronto St Pats zone.
13:02 of 1st period - Snap shot by Jack McBain.
13:02 of 1st period - Shot Misses the Net.
13:04 of 1st period - Wrist shot by Brett Murray.
13:04 of 1st period - Stopped by Adam Scheel with a rebound.
13:11 of 1st period - Jack McBain and Mackie Samoskevich fight to a draw.
13:11 of 1st period - Penalty to Jack McBain for Fighting.
13:11 of 1st period - Penalty to Mackie Samoskevich for Fighting.
13:12 of 1st period - Connor Dewar wins face-off versus Nils Aman in Toronto St Pats zone.
13:47 of 1st period - Off-side.
13:48 of 1st period - Brendan Brisson wins face-off versus Nils Aman in neutral zone.
13:58 of 1st period - Minor Penalty to Nikita Okhotiuk for Tripping.
13:59 of 1st period - Connor Dewar wins face-off versus Nils Aman in Toronto St Pats zone.
14:11 of 1st period - Slapshot by William Borgen.
14:11 of 1st period - Shot Blocked by Brendan Brisson.
14:13 of 1st period - Wrist shot by Tye Kartye.
14:13 of 1st period - Stopped by Adam Scheel with a rebound.
14:29 of 1st period - Wrist shot by Juuso Parssinen.
14:29 of 1st period - Stopped by Adam Scheel without a rebound.
14:30 of 1st period - Egor Afanasyev wins face-off versus Connor Dewar in Toronto St Pats zone.
15:19 of 1st period - Slapshot by Juuso Parssinen.
15:19 of 1st period - Shot Misses the Net.
15:21 of 1st period - Slapshot by James Malatesta.
15:21 of 1st period - Stopped by Adam Scheel with a rebound.
15:23 of 1st period - Slapshot by James Malatesta.
15:23 of 1st period - Shot Blocked by Scott Perunovich.
15:49 of 1st period - Snap shot by Alex Steeves.
15:49 of 1st period - Stopped by Adam Scheel without a rebound.
15:50 of 1st period - Nils Aman wins face-off versus Travis Boyd in Toronto St Pats zone.
15:58 of 1st period - Penalty to Nikita Okhotiuk is over, Nikita Okhotiuk is back on ice.
16:05 of 1st period - Snap shot by Brett Murray.
16:05 of 1st period - Shot Blocked by Pierre-Olivier Joseph.
16:22 of 1st period - Icing by William Borgen.
16:23 of 1st period - Brendan Gaunce wins face-off versus Nils Aman in Philadelphia Phantoms zone.
16:44 of 1st period - Tye Kartye is hit by Austin Watson and loses puck.
17:03 of 1st period - Slapshot by Scott Perunovich.
17:03 of 1st period - Deflect By Pontus Holmberg.
17:03 of 1st period - Stopped by Jake Allen without a rebound.
17:04 of 1st period - Nils Aman wins face-off versus John Farinacci in Philadelphia Phantoms zone.
17:24 of 1st period - Slapshot by Scott Perunovich.
17:24 of 1st period - Stopped by Jake Allen with a rebound.
17:26 of 1st period - Slapshot by Matthew Maggio.
17:26 of 1st period - Stopped by Jake Allen without a rebound.
17:27 of 1st period - Connor Dewar wins face-off versus Pontus Holmberg in Philadelphia Phantoms zone.
17:43 of 1st period - Minor Penalty to Jaret Anderson-Dolan for Slashing.
17:44 of 1st period - Juuso Parssinen wins face-off versus Brendan Gaunce in Philadelphia Phantoms zone.
17:53 of 1st period - Sam Malinski is hit by Juuso Parssinen and loses puck.
18:09 of 1st period - Icing by Nick Cousins.
18:10 of 1st period - Pontus Holmberg wins face-off versus Connor Dewar in Toronto St Pats zone.
18:11 of 1st period - Penalty to Jack McBain is over, Jack McBain is back on ice.
18:13 of 1st period - Snap shot by Jack McBain.
18:13 of 1st period - Shot Blocked by Sam Malinski.
18:38 of 1st period - Wrist shot by Brendan Brisson.
18:38 of 1st period - Shot Misses the Net.
18:40 of 1st period - Snap shot by Brendan Brisson.
18:40 of 1st period - Goal by Brendan Brisson - Toronto St Pats : 1 - Philadelphia Phantoms : 1.
18:41 of 1st period - Pontus Holmberg wins face-off versus Connor Dewar in neutral zone.
18:50 of 1st period - Snap shot by Connor Dewar.
18:50 of 1st period - Stopped by Jake Allen without a rebound.
18:51 of 1st period - Connor Dewar wins face-off versus Pontus Holmberg in Philadelphia Phantoms zone.
18:52 of 1st period - Wrist shot by Travis Boyd.
18:52 of 1st period - Shot Misses the Net.
18:54 of 1st period - Slapshot by Travis Boyd.
18:54 of 1st period - Deflect By Nick Cousins.
18:54 of 1st period - Shot Misses the Net.
18:54 of 1st period - Puck is out of play.
18:55 of 1st period - Connor Dewar wins face-off versus Egor Afanasyev in Philadelphia Phantoms zone.
19:00 of 1st period - Wrist shot by Travis Boyd.
19:00 of 1st period - Deflect By Connor Dewar.
19:00 of 1st period - Stopped by Jake Allen with a rebound.
19:02 of 1st period - Slapshot by Scott Perunovich.
19:02 of 1st period - Goal by Scott Perunovich - Toronto St Pats : 2 - Philadelphia Phantoms : 1.
19:03 of 1st period - Pontus Holmberg wins face-off versus Austin Watson in neutral zone.
19:12 of 1st period - Snap shot by James Malatesta.
19:12 of 1st period - Stopped by Adam Scheel with a rebound.
19:14 of 1st period - Slapshot by Ryan Johnson.
19:14 of 1st period - Shot Misses the Net.
19:16 of 1st period - Slapshot by Jaret Anderson-Dolan.
19:16 of 1st period - Shot Misses the Net.
19:18 of 1st period - Snap shot by Pontus Holmberg.
19:18 of 1st period - Shot Blocked by Scott Perunovich.
19:28 of 1st period - Mackie Samoskevich is hit by Brandon Duhaime.
Goals for this period are 2 for Toronto St Pats vs 1 for Philadelphia Phantoms.
Shots for this period are 14 for Toronto St Pats vs 11 for Philadelphia Phantoms.
2nd period
0:01 of 2nd period - Connor Dewar wins face-off versus Pontus Holmberg in neutral zone.
0:15 of 2nd period - William Borgen is hit by Pierre-Olivier Joseph and loses puck.
0:38 of 2nd period - Wrist shot by Tye Kartye.
0:38 of 2nd period - Shot Blocked by Pierre-Olivier Joseph.
0:48 of 2nd period - Travis Boyd is hit by Tyler Kleven and loses puck.
0:59 of 2nd period - Snap shot by Nils Aman.
0:59 of 2nd period - Shot Misses the Net.
1:07 of 2nd period - Minor Penalty to Nick Cousins for Roughing.
1:08 of 2nd period - John Farinacci wins face-off versus Jack McBain in Toronto St Pats zone.
1:08 of 2nd period - John Farinacci is hit by William Borgen.
1:20 of 2nd period - Sam Malinski is hit by Jack McBain and loses puck.
1:37 of 2nd period - Egor Afanasyev is hit by John Farinacci and loses puck.
2:06 of 2nd period - Wrist shot by Ryan Johnson.
2:06 of 2nd period - Shot Misses the Net.
3:07 of 2nd period - Penalty to Nick Cousins is over, Nick Cousins is back on ice.
3:28 of 2nd period - Brendan Gaunce is hit by Brandon Duhaime and loses puck.
3:43 of 2nd period - Icing by James Malatesta.
3:44 of 2nd period - Nils Aman wins face-off versus Brendan Brisson in Philadelphia Phantoms zone.
3:53 of 2nd period - Wrist shot by Brandon Duhaime.
3:53 of 2nd period - Shot Misses the Net.
4:05 of 2nd period - Snap shot by Brandon Duhaime.
4:05 of 2nd period - Deflect By Lukas Rousek.
4:05 of 2nd period - Stopped by Adam Scheel with a rebound.
4:37 of 2nd period - Wrist shot by Austin Watson.
4:37 of 2nd period - Stopped by Jake Allen without a rebound.
4:38 of 2nd period - Brendan Gaunce wins face-off versus Egor Afanasyev in Philadelphia Phantoms zone.
4:39 of 2nd period - Wrist shot by Brett Berard.
4:39 of 2nd period - Stopped by Jake Allen with a rebound.
5:02 of 2nd period - Icing by Ryan Tverberg.
5:03 of 2nd period - Jack McBain wins face-off versus Connor Dewar in Toronto St Pats zone.
5:12 of 2nd period - Wrist shot by Jack McBain.
5:12 of 2nd period - Stopped by Adam Scheel with a rebound.
5:14 of 2nd period - Snap shot by Tye Kartye.
5:14 of 2nd period - Shot Blocked by Pierre-Olivier Joseph.
5:16 of 2nd period - Slapshot by Nick Blankenburg.
5:16 of 2nd period - Deflect By Jack McBain.
5:16 of 2nd period - Stopped by Adam Scheel with a rebound.
5:18 of 2nd period - Wrist shot by Brett Murray.
5:18 of 2nd period - Shot Misses the Net.
5:28 of 2nd period - Travis Boyd is hit by Alex Steeves and loses puck.
5:43 of 2nd period - Slapshot by Nick Cousins.
5:43 of 2nd period - Deflect By Travis Boyd.
5:43 of 2nd period - Goal by Travis Boyd - Toronto St Pats : 3 - Philadelphia Phantoms : 1.
5:44 of 2nd period - Brendan Gaunce wins face-off versus James Malatesta in neutral zone.
5:49 of 2nd period - Wrist shot by Ryan Tverberg.
5:49 of 2nd period - Stopped by Jake Allen with a rebound.
6:09 of 2nd period - William Borgen is hit by Lassi Thomson.
6:38 of 2nd period - Snap shot by Travis Boyd.
6:38 of 2nd period - Shot Misses the Net.
6:40 of 2nd period - Slapshot by Scott Perunovich.
6:40 of 2nd period - Deflect By Nick Cousins.
6:40 of 2nd period - Stopped by Jake Allen without a rebound.
6:41 of 2nd period - Egor Afanasyev wins face-off versus Brendan Gaunce in Philadelphia Phantoms zone.
6:41 of 2nd period - Egor Afanasyev is hit by Nikita Okhotiuk.
6:53 of 2nd period - Snap shot by Nikita Okhotiuk.
6:53 of 2nd period - Shot Blocked by Marcus Bjork.
7:35 of 2nd period - Wrist shot by Nils Aman.
7:35 of 2nd period - Stopped by Adam Scheel with a rebound.
7:40 of 2nd period - Minor Penalty to Tyler Kleven for Tripping.
7:41 of 2nd period - Travis Boyd wins face-off versus Jack McBain in Philadelphia Phantoms zone.
7:55 of 2nd period - Ryan Johnson is hit by Nick Cousins and loses puck.
9:03 of 2nd period - Icing by Connor Dewar.
9:04 of 2nd period - Connor Dewar wins face-off versus Jack McBain in Toronto St Pats zone.
9:11 of 2nd period - Slapshot by Pierre-Olivier Joseph.
9:11 of 2nd period - Stopped by Jake Allen with a rebound.
9:40 of 2nd period - Penalty to Tyler Kleven is over, Tyler Kleven is back on ice.
9:57 of 2nd period - Snap shot by Matthew Maggio.
9:57 of 2nd period - Shot Misses the Net.
9:59 of 2nd period - Backhand shot by Lucas Carlsson.
9:59 of 2nd period - Shot Misses the Net.
10:31 of 2nd period - Juuso Parssinen is hit by Nick Cousins.
10:57 of 2nd period - James Malatesta is hit by Mackie Samoskevich and loses puck.
11:08 of 2nd period - Scott Perunovich is hit by Louis Crevier and loses puck.
11:13 of 2nd period - Wrist shot by Alex Steeves.
11:13 of 2nd period - Stopped by Adam Scheel with a rebound.
12:17 of 2nd period - Wrist shot by Brett Berard.
12:17 of 2nd period - Stopped by Jake Allen without a rebound.
12:18 of 2nd period - Nils Aman wins face-off versus Brendan Gaunce in Philadelphia Phantoms zone.
12:18 of 2nd period - Nils Aman is hit by Brendan Gaunce.
12:47 of 2nd period - Off-side.
12:48 of 2nd period - Pontus Holmberg wins face-off versus Connor Dewar in neutral zone.
12:51 of 2nd period - Sam Malinski is hit by James Malatesta and loses puck.
12:56 of 2nd period - Snap shot by Jaret Anderson-Dolan.
12:56 of 2nd period - Shot Misses the Net.
12:58 of 2nd period - Wrist shot by Pontus Holmberg.
12:58 of 2nd period - Shot Misses the Net.
13:00 of 2nd period - Slapshot by Marcus Bjork.
13:00 of 2nd period - Stopped by Adam Scheel with a rebound.
13:02 of 2nd period - Backhand shot by James Malatesta.
13:02 of 2nd period - Deflect By Pontus Holmberg.
13:02 of 2nd period - Stopped by Adam Scheel with a rebound.
13:04 of 2nd period - Snap shot by Pontus Holmberg.
13:04 of 2nd period - Stopped by Adam Scheel without a rebound.
13:05 of 2nd period - Brendan Brisson wins face-off versus Jack McBain in Toronto St Pats zone.
13:14 of 2nd period - Wrist shot by Brendan Brisson.
13:14 of 2nd period - Shot Blocked by William Borgen.
13:16 of 2nd period - Slapshot by Mackie Samoskevich.
13:16 of 2nd period - Deflect By Austin Watson.
13:16 of 2nd period - Stopped by Jake Allen without a rebound.
13:17 of 2nd period - Brendan Brisson wins face-off versus Brett Murray in Philadelphia Phantoms zone.
13:24 of 2nd period - Snap shot by Jack McBain.
13:24 of 2nd period - Shot Blocked by Sam Malinski.
13:45 of 2nd period - Wrist shot by Brendan Gaunce.
13:45 of 2nd period - Shot Misses the Net.
14:09 of 2nd period - Slapshot by Egor Afanasyev.
14:09 of 2nd period - Shot Blocked by Travis Boyd.
14:11 of 2nd period - Slapshot by Egor Afanasyev.
14:11 of 2nd period - Stopped by Adam Scheel with a rebound.
14:29 of 2nd period - Nikita Okhotiuk is hit by Marcus Bjork and loses puck.
14:49 of 2nd period - Brett Murray is hit by Mackie Samoskevich and loses puck.
15:12 of 2nd period - Wrist shot by Nikita Okhotiuk.
15:12 of 2nd period - Stopped by Jake Allen without a rebound.
15:13 of 2nd period - Pontus Holmberg wins face-off versus Brendan Gaunce in Philadelphia Phantoms zone.
15:31 of 2nd period - Snap shot by Pontus Holmberg.
15:31 of 2nd period - Shot Blocked by Brett Berard.
15:33 of 2nd period - Slapshot by Nick Blankenburg.
15:33 of 2nd period - Stopped by Adam Scheel with a rebound.
15:35 of 2nd period - Wrist shot by James Malatesta.
15:35 of 2nd period - Shot Misses the Net.
15:37 of 2nd period - Snap shot by James Malatesta.
15:37 of 2nd period - Goal by James Malatesta - Toronto St Pats : 3 - Philadelphia Phantoms : 2.
15:38 of 2nd period - Jack McBain wins face-off versus Brendan Brisson in neutral zone.
16:07 of 2nd period - Snap shot by Juuso Parssinen.
16:07 of 2nd period - Shot Misses the Net.
16:26 of 2nd period - Brett Berard is hit by James Malatesta and loses puck.
16:33 of 2nd period - Brendan Gaunce is hit by James Malatesta and loses puck.
16:38 of 2nd period - Wrist shot by Jaret Anderson-Dolan.
16:38 of 2nd period - Shot Misses the Net.
16:52 of 2nd period - Tye Kartye is hit by Ryan Tverberg and loses puck.
17:25 of 2nd period - Brett Berard is hit by Brandon Duhaime and loses puck.
18:00 of 2nd period - Slapshot by Pierre-Olivier Joseph.
18:00 of 2nd period - Deflect By John Farinacci.
18:00 of 2nd period - Stopped by Jake Allen with a rebound.
18:28 of 2nd period - Wrist shot by Tye Kartye.
18:28 of 2nd period - Shot Misses the Net.
18:30 of 2nd period - Snap shot by Nick Blankenburg.
18:30 of 2nd period - Deflect By Jack McBain.
18:30 of 2nd period - Shot Misses the Net.
18:30 of 2nd period - Puck is out of play.
18:31 of 2nd period - Pontus Holmberg wins face-off versus Mackie Samoskevich in Toronto St Pats zone.
18:34 of 2nd period - Snap shot by Jaret Anderson-Dolan.
18:34 of 2nd period - Goal by Jaret Anderson-Dolan - Toronto St Pats : 3 - Philadelphia Phantoms : 3.
18:35 of 2nd period - Jack McBain wins face-off versus Mackie Samoskevich in neutral zone.
18:44 of 2nd period - Snap shot by Mackie Samoskevich.
18:44 of 2nd period - Shot Blocked by Ryan Johnson.
18:46 of 2nd period - Snap shot by Mackie Samoskevich.
18:46 of 2nd period - Stopped by Jake Allen with a rebound.
18:48 of 2nd period - Snap shot by Pierre-Olivier Joseph.
18:48 of 2nd period - Stopped by Jake Allen without a rebound.
18:49 of 2nd period - Connor Dewar wins face-off versus Pontus Holmberg in Philadelphia Phantoms zone.
18:54 of 2nd period - Snap shot by Nick Cousins.
18:54 of 2nd period - Shot Misses the Net.
18:56 of 2nd period - Wrist shot by Sam Malinski.
18:56 of 2nd period - Shot Blocked by Tyler Kleven.
18:57 of 2nd period - Tyler Kleven and Connor Dewar fight to a draw.
18:57 of 2nd period - Penalty to Tyler Kleven for Fighting.
18:57 of 2nd period - Penalty to Connor Dewar for Fighting.
18:58 of 2nd period - Jack McBain wins face-off versus Mackie Samoskevich in Philadelphia Phantoms zone.
19:02 of 2nd period - Icing by Jack McBain.
19:03 of 2nd period - Jack McBain wins face-off versus Brendan Brisson in Philadelphia Phantoms zone.
19:03 of 2nd period - Jack McBain is hit by Austin Watson.
19:14 of 2nd period - Tye Kartye and Austin Watson fight to a draw.
19:14 of 2nd period - Penalty to Tye Kartye for Fighting.
19:14 of 2nd period - Penalty to Austin Watson for Fighting.
19:15 of 2nd period - Brendan Gaunce wins face-off versus Pontus Holmberg in neutral zone.
19:20 of 2nd period - Pontus Holmberg is hit by Pierre-Olivier Joseph and loses puck.
19:47 of 2nd period - Slapshot by Brendan Brisson.
19:47 of 2nd period - Shot Misses the Net.
19:52 of 2nd period - Minor Penalty to Brett Murray for Holding.
19:53 of 2nd period - Jack McBain wins face-off versus Brendan Gaunce in Philadelphia Phantoms zone.
Goals for this period are 1 for Toronto St Pats vs 2 for Philadelphia Phantoms.
Shots for this period are 12 for Toronto St Pats vs 12 for Philadelphia Phantoms.
3rd period
0:01 of 3rd period - Jack McBain wins face-off versus Brendan Gaunce in neutral zone.
0:14 of 3rd period - Wrist shot by Nick Cousins.
0:14 of 3rd period - Shot Misses the Net.
0:16 of 3rd period - Snap shot by Brendan Gaunce.
0:16 of 3rd period - Shot Blocked by Brandon Duhaime.
0:56 of 3rd period - Pontus Holmberg is hit by Sam Malinski and loses puck.
1:52 of 3rd period - Penalty to Brett Murray is over, Brett Murray is back on ice.
2:01 of 3rd period - Slapshot by Egor Afanasyev.
2:01 of 3rd period - Stopped by Adam Scheel with a rebound.
3:04 of 3rd period - Wrist shot by Jaret Anderson-Dolan.
3:04 of 3rd period - Shot Misses the Net.
4:09 of 3rd period - Minor Penalty to Jack McBain for Tripping.
4:10 of 3rd period - Brendan Brisson wins face-off versus Juuso Parssinen in Philadelphia Phantoms zone.
4:14 of 3rd period - Penalty to Tye Kartye is over, Tye Kartye is back on ice.
4:17 of 3rd period - Slapshot by Brendan Brisson.
4:17 of 3rd period - Stopped by Jake Allen without a rebound.
4:18 of 3rd period - Juuso Parssinen wins face-off versus Brendan Brisson in Philadelphia Phantoms zone.
4:29 of 3rd period - Snap shot by Brandon Duhaime.
4:29 of 3rd period - Shot Misses the Net.
4:31 of 3rd period - Slapshot by Marcus Bjork.
4:31 of 3rd period - Stopped by Adam Scheel without a rebound.
4:32 of 3rd period - Juuso Parssinen wins face-off versus Connor Dewar in Toronto St Pats zone.
4:41 of 3rd period - Snap shot by Brandon Duhaime.
4:41 of 3rd period - Shot Misses the Net.
5:03 of 3rd period - Austin Watson is hit by Brett Murray and loses puck.
5:16 of 3rd period - Minor Penalty to Nick Cousins for Cross-checking.
5:17 of 3rd period - Egor Afanasyev wins face-off versus Connor Dewar in Toronto St Pats zone.
6:09 of 3rd period - Penalty to Jack McBain is over, Jack McBain is back on ice.
6:41 of 3rd period - Wrist shot by Egor Afanasyev.
6:41 of 3rd period - Shot Misses the Net.
6:43 of 3rd period - Snap shot by Egor Afanasyev.
6:43 of 3rd period - Shot Misses the Net.
7:16 of 3rd period - Penalty to Nick Cousins is over, Nick Cousins is back on ice.
7:28 of 3rd period - Slapshot by Nick Cousins.
7:28 of 3rd period - Shot Blocked by Tyler Kleven.
7:30 of 3rd period - Snap shot by Brendan Brisson.
7:30 of 3rd period - Stopped by Jake Allen without a rebound.
7:31 of 3rd period - Brendan Brisson wins face-off versus Pontus Holmberg in Philadelphia Phantoms zone.
7:35 of 3rd period - Slapshot by Mackie Samoskevich.
7:35 of 3rd period - Deflect By Brendan Brisson.
7:35 of 3rd period - Stopped by Jake Allen with a rebound.
7:39 of 3rd period - Snap shot by Austin Watson.
7:39 of 3rd period - Stopped by Jake Allen with a rebound.
7:41 of 3rd period - Slapshot by Lucas Carlsson.
7:41 of 3rd period - Shot Blocked by Louis Crevier.
8:15 of 3rd period - William Borgen is hit by Scott Perunovich and loses puck.
8:32 of 3rd period - Wrist shot by Brett Berard.
8:32 of 3rd period - Stopped by Jake Allen without a rebound.
8:33 of 3rd period - Brendan Brisson wins face-off versus Nils Aman in Philadelphia Phantoms zone.
8:42 of 3rd period - Snap shot by Ryan Johnson.
8:42 of 3rd period - Shot Misses the Net.
9:17 of 3rd period - Wrist shot by Brendan Gaunce.
9:17 of 3rd period - Stopped by Jake Allen with a rebound.
9:19 of 3rd period - Wrist shot by Brett Berard.
9:19 of 3rd period - Goal by Brett Berard - Toronto St Pats : 4 - Philadelphia Phantoms : 3.
9:20 of 3rd period - Brendan Brisson wins face-off versus Nils Aman in neutral zone.
9:27 of 3rd period - Slapshot by Scott Perunovich.
9:27 of 3rd period - Stopped by Jake Allen without a rebound.
9:28 of 3rd period - Brendan Brisson wins face-off versus Nils Aman in Philadelphia Phantoms zone.
9:29 of 3rd period - Snap shot by Mackie Samoskevich.
9:29 of 3rd period - Stopped by Jake Allen with a rebound.
9:45 of 3rd period - Icing by Sam Malinski.
9:46 of 3rd period - Egor Afanasyev wins face-off versus Brendan Brisson in Toronto St Pats zone.
9:55 of 3rd period - Wrist shot by Brendan Brisson.
9:55 of 3rd period - Stopped by Jake Allen with a rebound.
10:12 of 3rd period - Mackie Samoskevich is hit by Nick Blankenburg and loses puck.
10:47 of 3rd period - Wrist shot by Brendan Brisson.
10:47 of 3rd period - Shot Misses the Net.
11:15 of 3rd period - Snap shot by Mackie Samoskevich.
11:15 of 3rd period - Stopped by Jake Allen with a rebound.
11:51 of 3rd period - Wrist shot by Brendan Brisson.
11:51 of 3rd period - Deflect By Austin Watson.
11:51 of 3rd period - Stopped by Jake Allen with a rebound.
11:53 of 3rd period - Slapshot by Sam Malinski.
11:53 of 3rd period - Shot Blocked by Nick Blankenburg.
11:55 of 3rd period - Slapshot by Scott Perunovich.
11:55 of 3rd period - Deflect By Austin Watson.
11:55 of 3rd period - Deflect By William Borgen.
11:55 of 3rd period - Shot Misses the Net.
11:55 of 3rd period - Puck is out of play.
11:56 of 3rd period - Pontus Holmberg wins face-off versus Connor Dewar in Philadelphia Phantoms zone.
11:58 of 3rd period - Minor Penalty to Pontus Holmberg for Tripping.
11:59 of 3rd period - Juuso Parssinen wins face-off versus Connor Dewar in Philadelphia Phantoms zone.
13:58 of 3rd period - Penalty to Pontus Holmberg is over, Pontus Holmberg is back on ice.
14:24 of 3rd period - Icing by Ryan Tverberg.
14:25 of 3rd period - John Farinacci wins face-off versus Nils Aman in Toronto St Pats zone.
14:41 of 3rd period - Icing by Travis Boyd.
14:42 of 3rd period - Pontus Holmberg wins face-off versus Brendan Gaunce in Toronto St Pats zone.
14:45 of 3rd period - Wrist shot by James Malatesta.
14:45 of 3rd period - Shot Blocked by Pierre-Olivier Joseph.
15:14 of 3rd period - Marcus Bjork is hit by Connor Dewar.
15:39 of 3rd period - Slapshot by Tyler Kleven.
15:39 of 3rd period - Shot Blocked by Bogdan Trineyev.
18:06 of 3rd period - Snap shot by James Malatesta.
18:06 of 3rd period - Stopped by Adam Scheel with a rebound.
18:23 of 3rd period - Nick Blankenburg is hit by Matthew Maggio and loses puck.
19:04 of 3rd period - Minor Penalty to Sam Malinski for Delaying the game.
19:05 of 3rd period - Travis Boyd wins face-off versus Jack McBain in Toronto St Pats zone.
19:17 of 3rd period - Travis Boyd is hit by Tye Kartye and loses puck.
19:20 of 3rd period - Philadelphia Phantoms, Jake Allen is pulled from the net.
19:54 of 3rd period - Wrist shot by Alex Steeves.
19:54 of 3rd period - Goal by Alex Steeves - Toronto St Pats : 4 - Philadelphia Phantoms : 4.
19:54 of 3rd period - Jake Allen from Philadelphia Phantoms was sent back in the game.
19:55 of 3rd period - Brendan Gaunce wins face-off versus Pontus Holmberg in neutral zone.
Goals for this period are 1 for Toronto St Pats vs 1 for Philadelphia Phantoms.
Shots for this period are 12 for Toronto St Pats vs 4 for Philadelphia Phantoms.
Overtime #1
0:01 of 1st overtime period - Jack McBain wins face-off versus Connor Dewar in neutral zone.
0:04 of 1st overtime period - Pierre-Olivier Joseph is hit by Jack McBain and loses puck.
0:27 of 1st overtime period - Icing by Nikita Okhotiuk.
0:28 of 1st overtime period - Travis Boyd wins face-off versus Egor Afanasyev in Toronto St Pats zone.
0:37 of 1st overtime period - Wrist shot by Brendan Brisson.
0:37 of 1st overtime period - Deflect By Travis Boyd.
0:37 of 1st overtime period - Shot Blocked by Nick Blankenburg.
0:37 of 1st overtime period - Puck is out of play.
0:38 of 1st overtime period - Jack McBain wins face-off versus Connor Dewar in Philadelphia Phantoms zone.
0:48 of 1st overtime period - Snap shot by Nick Cousins.
0:48 of 1st overtime period - Shot Misses the Net.
1:34 of 1st overtime period - Icing by Scott Perunovich.
1:35 of 1st overtime period - Egor Afanasyev wins face-off versus Connor Dewar in Toronto St Pats zone.
3:16 of 1st overtime period - Pierre-Olivier Joseph is hit by Brett Murray and loses puck.
3:23 of 1st overtime period - Marcus Bjork is hit by Brendan Gaunce.
3:42 of 1st overtime period - Icing by Connor Dewar.
3:43 of 1st overtime period - Egor Afanasyev wins face-off versus Connor Dewar in Toronto St Pats zone.
4:08 of 1st overtime period - Tyler Kleven is hit by Sam Malinski.
4:55 of 1st overtime period - Snap shot by Ryan Johnson.
4:55 of 1st overtime period - Stopped by Adam Scheel without a rebound.
4:56 of 1st overtime period - Brendan Gaunce wins face-off versus Brett Murray in Toronto St Pats zone.
Goals for this period are 0 for Toronto St Pats vs 0 for Philadelphia Phantoms.
Shots for this period are 0 for Toronto St Pats vs 1 for Philadelphia Phantoms.
ShootOut
5:00 of 1st overtime period - Round #1.
5:00 of 1st overtime period - Toronto St Pats, Connor Dewar.
5:00 of 1st overtime period - Snap shot by Connor Dewar.
5:00 of 1st overtime period - Stopped by Jake Allen.
5:00 of 1st overtime period - Philadelphia Phantoms, Juuso Parssinen.
5:00 of 1st overtime period - Snap shot by Juuso Parssinen.
5:00 of 1st overtime period - Stopped by Adam Scheel.
5:00 of 1st overtime period - Round #2.
5:00 of 1st overtime period - Toronto St Pats, Nick Cousins.
5:00 of 1st overtime period - Deke by Nick Cousins.
5:00 of 1st overtime period - Stopped by Jake Allen.
5:00 of 1st overtime period - Philadelphia Phantoms, Brandon Duhaime.
5:00 of 1st overtime period - Wrist shot by Brandon Duhaime.
5:00 of 1st overtime period - Stopped by Adam Scheel.
5:00 of 1st overtime period - Round #3.
5:00 of 1st overtime period - Toronto St Pats, Travis Boyd.
5:00 of 1st overtime period - Backhand shot by Travis Boyd.
5:00 of 1st overtime period - Stopped by Jake Allen.
5:00 of 1st overtime period - Philadelphia Phantoms, Egor Afanasyev.
5:00 of 1st overtime period - Backhand shot by Egor Afanasyev.
5:00 of 1st overtime period - Goal by Egor Afanasyev.
Back to the Top